 Dungeon Crawl Stone Soup version 0.19.4-9-g45fd643 (webtiles) character file.

4211 nikopol the Basher (level 10, 0/96 HPs)
             Began as a Gargoyle Berserker on Feb 18, 2017.
             Was an Elder of Trog.
             Slain by an orc warrior
             ... wielding a +0 war axe
              (14 damage)
             ... on level 8 of the Dungeon.
             The game lasted 00:24:37 (9066 turns).

nikopol the Basher (Gargoyle Berserker)             Turns: 9066, Time: 00:24:38

Health: 0/96       AC: 21    Str: 27    XL:     10   Next: 29%
Magic:  10/10      EV: 11    Int:  7    God:    Trog [****..]
Gold:   411        SH:  0    Dex: 12    Spells: 0 memorised, 9 levels left

rFire  + . .     SeeInvis .     a - +0 mace
rCold  . . .     Gourm    .     e - +1 chain mail
rNeg   + . .     Faith    .     (no shield)
rPois  ∞         Spirit   .     (no helmet)
rElec  +         Reflect  .     D - +0 cloak
rCorr  .         Harm     .     (no gloves)
MR     .....                    E - +0 pair of boots
Stlth  ..........               (no amulet)
                                (no ring)
                                I - ring of protection from fire

@: berserking, very quick
A: negative energy resistance 1, electricity resistance, unbreathing,
petrification resistance, rot immunity, AC +7
a: Berserk, Trog's Hand, Brothers in Arms, Burn Spellbooks, Renounce Religion


You were on level 8 of the Dungeon.
You worshipped Trog.
Trog was greatly pleased with you.
You were near starving.

You visited 1 branch of the dungeon, and saw 8 of its levels.

You collected 411 gold pieces.

Inventory:

Hand Weapons
 a - a +0 mace (weapon)
 z - a +1 shortbow
Missiles
 j - 153 arrows
Armour
 e - a +1 chain mail (worn)
 D - a +0 cloak (worn)
 E - a +0 pair of boots (worn)
Jewellery
 i - an uncursed ring of see invisible
 l - an uncursed ring of positive energy {unknown}
 r - an uncursed ring of fire {unknown}
 v - a +1 ring of protection
 I - a ring of protection from fire (left hand)
Wands
 b - a wand of disintegration (16/24)
 G - a wand of disintegration (10/24)
 K - a wand of teleportation (5/9)
 P - a wand of disintegration (6/24)
Scrolls
 g - 5 scrolls of identify
 h - a scroll of fear
 n - 2 scrolls of enchant armour
 q - 2 scrolls of teleportation
 s - a scroll of random uselessness {unknown}
 t - a scroll of enchant weapon
 u - 3 scrolls of remove curse
 x - 4 scrolls of blinking
 y - a scroll of recharging
 N - a scroll of silence {unknown}
Potions
 p - a potion of invisibility {unknown}
 w - a potion of haste {unknown}
 A - 2 potions of agility {unknown}
 B - a potion of might
 F - a potion of heal wounds {unknown}
 H - 2 potions of degeneration {unknown}
 J - 2 potions of lignification {unknown}
 L - a potion of cancellation {unknown}
 M - a potion of magic {unknown}
Comestibles
 c - 8 bread rations
 d - 6 fruits
 f - 3 meat rations
 k - a royal jelly
 o - 2 beef jerkies


   Skills:
 + Level 7.8 Fighting
 * Level 8.1 Maces & Flails
 * Level 5.3 Bows
 + Level 7.8 Armour
 + Level 5.5 Dodging


You had 9 spell levels left.
You didn't know any spells.

Dungeon Overview and Level Annotations

Branches:
Dungeon (8/15)             Temple (0/1) D:6
   Lair: D:8-11

Altars:
Gozag

Shops:
D:6 [


Innate Abilities, Weirdness & Mutations

You are resistant to torment.
Your stone body is resilient. (AC +7)
You are immune to poison.
You resist negative energy. (rN+)
You are resistant to electric shocks. (rElec)
You can survive without breathing.
You are immune to petrification.
You are immune to rotting.


Message History

You closely miss the orc warrior.
The orc warrior is moderately wounded.
You are feeling very hungry.
The orc warrior hits you but does no damage.
A red film seems to cover your vision as you go berserk!
You feel yourself moving faster!
You feel mighty!
You are near starving!
The orc warrior hits you with a war axe!!
* * * LOW HITPOINT WARNING * * *
You closely miss the orc warrior.
The orc warrior is moderately wounded.
You closely miss the orc warrior.
The orc warrior is moderately wounded.
The orc warrior hits you but does no damage.
You barely miss the orc warrior.
The orc warrior is moderately wounded.
You sock the orc warrior!
The orc warrior is heavily wounded.
The orc warrior hits you with a war axe!
You die...

...# #(# #.#........# ...#
#.# #........### #..# #.#
####.##### ...# #.# ##'##
#.## #.# ##...## #.#
#######.# ##.....## #.#
#.......# ##.......##
#.#####.###..)####.........#
................@o.........+
#.#####.##....####.........#
#.# #.##.#..# ##.......##
#.# #.##.##.# ##.....## #.#
#.......# ##...## ..#
####.#### ##'## ### #.# #
#.# #.#


You could see an orc warrior.

Vanquished Creatures
  Maurice (D:8)
  Prince Ribbit (D:7)
  Sigmund (D:3)
  A hungry ghost (D:7)
  Menkaure (D:5)
  Duvessa (D:5)
  2 orc warriors (D:6)
  4 ice beasts
  2 sky beasts (D:5)
  A phantom (D:7)
  An ogre (D:3)
  A crocodile (D:7)
  3 centaurs
  5 bullfrogs
  Dowan (D:5)
  A water moccasin zombie (D:6)
  2 wyvern skeletons
  9 scorpions
  A crimson imp (D:7)
  A bullfrog zombie (D:7)
  6 hounds
  4 orc priests
  Crazy Yiuf (D:7)
  3 orc wizards
  A bullfrog skeleton (D:6)
  Jessica (D:3)
  An iguana (D:5)
  4 worker ants
  A hound zombie (D:5)
  2 hound skeletons
  A howler monkey skeleton (D:6)
  10 adders
  4 shadow imps
  An ooze (D:1)
  2 adder skeletons
  An adder zombie (D:8)
  3 worms
  2 dart slugs
  5 leopard geckos
  26 orcs
  2 ball pythons
  4 giant cockroaches
  5 goblins
  3 hobgoblins
  4 jackals
  5 quokkas
  A ball python skeleton (D:3)
  9 bats
  8 frilled lizards
  8 kobolds
  A leopard gecko skeleton (D:6)
  A quokka skeleton (D:8)
  12 rats
  4 fungi
186 creatures vanquished.

Vanquished Creatures (others)
  2 fungi (D:8)
2 creatures vanquished.

Grand Total: 188 creatures vanquished

Notes
Turn   | Place    | Note
-------+----------+-------------------------------------------
     0 | D:1      | nikopol the Gargoyle Berserker began the quest for the Orb.
     0 | D:1      | Reached XP level 1. HP: 14/14 MP: 1/1
   107 | D:1      | Reached XP level 2. HP: 19/19 MP: 2/2
   592 | D:1      | Reached XP level 3. HP: 24/24 MP: 3/3
   823 | D:2      | Reached ** piety under Trog
  1489 | D:2      | Reached XP level 4. HP: 29/29 MP: 4/4
  1604 | D:3      | Noticed Jessica
  1612 | D:3      | Killed Jessica
  1698 | D:3      | Noticed Sigmund
  1712 | D:3      | Killed Sigmund
  1712 | D:3      | Reached skill level 4 in Maces & Flails
  1712 | D:3      | Reached XP level 5. HP: 34/34 MP: 5/5
  1712 | D:3      | Reached XP level 6. HP: 39/39 MP: 6/6
  1858 | D:3      | Found an opulent altar of Gozag.
  2716 | D:4      | Reached skill level 5 in Fighting
  2757 | D:4      | Reached XP level 7. HP: 15/44 MP: 7/7
  3517 | D:5      | Entered Level 5 of the Dungeon
  3682 | D:5      | Noticed Duvessa
  3718 | D:5      | Killed Duvessa
  3718 | D:5      | Reached skill level 5 in Armour
  3721 | D:5      | Noticed Dowan
  3727 | D:5      | Noticed Menkaure
  3732 | D:5      | Killed Menkaure
  3732 | D:5      | Reached skill level 5 in Maces & Flails
  3732 | D:5      | Reached XP level 8. HP: 47/51 MP: 8/8
  3738 | D:5      | Killed Dowan
  3924 | D:5      | Reached *** piety under Trog
  4883 | D:6      | Reached skill level 1 in Bows
  4980 | D:6      | Reached skill level 6 in Maces & Flails
  5278 | D:6      | Reached XP level 9. HP: 47/56 MP: 9/9
  5588 | D:6      | Found Zodita's Armour Boutique.
  5614 | D:6      | Found a staircase to the Ecumenical Temple.
  5889 | D:6      | Reached **** piety under Trog
  6106 | D:7      | Noticed Prince Ribbit
  6173 | D:7      | Reached skill level 7 in Maces & Flails
  6707 | D:7      | Killed Prince Ribbit
  6707 | D:7      | Reached skill level 5 in Dodging
  7874 | D:7      | Found a runed door.
  7878 | D:7      | Noticed Crazy Yiuf
  7886 | D:7      | Killed Crazy Yiuf
  7886 | D:7      | Reached XP level 10. HP: 56/63 MP: 10/10
  8399 | D:8      | Reached skill level 5 in Bows
  8526 | D:8      | Noticed Maurice
  9037 | D:8      | Killed Maurice
  9037 | D:8      | Reached skill level 8 in Maces & Flails
  9066 | D:8      | Slain by an orc warrior

Skill      XL: |  1  2  3  4  5  6  7  8  9 10 |
---------------+-------------------------------+-----
Armour         | 3 4 5 6 7 |  7.8
Dodging        | 2 3 4 5 |  5.5
Fighting       | 4 5 6 7 |  7.8
Maces & Flails | 4 5 6 7 8 |  8.1
Bows           | 2 4 5 |  5.3

Action                   |  1- 3 |  4- 6 |  7- 9 | 10-12 || total
-------------------------+-------+-------+-------+-------++-------
Melee: Mace              |   139 |   120 |   418 |   257 ||   934
       Dire flail        |       |       |    15 |       ||    15
 Fire: Shortbow          |       |       |   168 |    18 ||   186
Invok: Berserk           |       |     2 |     3 |     2 ||     7
       Trog's Hand       |       |     1 |       |     1 ||     2
       Burn Spellbooks   |       |       |     1 |       ||     1
  Use: Scroll            |       |       |    10 |       ||    10
  Eat: Chunk             |     2 |     6 |    19 |     4 ||    31
       Pizza             |       |       |     2 |     1 ||     3
       Fruit             |       |       |       |     1 ||     1
Armor: Chain mail        |    57 |       |    55 |   184 ||   296
       Animal skin       |     2 |       |       |       ||     2
       Scale mail        |    34 |    98 |   211 |       ||   343
Dodge: Dodged            |    88 |   124 |   306 |   115 ||   633
